 Dungeon Crawl Stone Soup version 0.20.1-1-g8b1a95d (webtiles) character file.

81 Irenicus the Insei (level 4, 0/40 HPs)
             Began as a Deep Dwarf Monk on Oct 18, 2017.
             Slain by Natasha (4 damage)
             ... on level 2 of the Dungeon.
             The game lasted 00:04:20 (917 turns).

Irenicus the Insei (Deep Dwarf Monk)                 Turns: 917, Time: 00:04:21

Health: 0/40       AC:  3    Str: 14    XL:     4   Next: 20%
Magic:  4/4        EV: 13    Int: 11    God:
Gold:   98         SH:  0    Dex: 16    Spells: 3/3 levels left

rFire    . . .     SeeInvis .     - Unarmed
rCold    . . .     Gourm    .   (no shield)
rNeg     . . .     Faith    .   i - +0 leather armour
rPois    .         Spirit   .   (no helmet)
rElec    .         Reflect  .   (no cloak)
rCorr    .         Harm     .   (no gloves)
MR       .....                  (no boots)
Stlth    ++........             m - amulet of magic regeneration
Regen    0.0/turn               (no ring)
MPRegen  0.2/turn               (no ring)

@: non-regenerating
A: damage resistance, heal wounds, sense surroundings 1, no regeneration
a: Heal Wounds


You were on level 2 of the Dungeon.
You were not hungry.

You visited 1 branch of the dungeon, and saw 2 of its levels.

You collected 98 gold pieces.

Inventory:

Hand Weapons
 g - a +2 dagger of venom
Armour
 a - a +0 robe
 i - a +0 leather armour (worn)
Jewellery
 m - an amulet of magic regeneration (around neck)
Scrolls
 d - 3 scrolls of remove curse {unknown}
 e - 4 scrolls of identify {unknown}
 j - a scroll of enchant weapon {unknown}
 l - 2 scrolls of enchant armour {unknown}
 o - 2 scrolls of blinking {unknown}
 p - a scroll of amnesia {unknown}
Potions
 c - 3 potions of curing
 h - a potion of cancellation {unknown}
 k - a potion of flight {unknown}
Comestibles
 b - a bread ration
 f - 2 meat rations
 n - a chunk of flesh


   Skills:
 - Level 2.6 Fighting
 - Level 3.2 Dodging
 + Level 2.8 Stealth
 + Level 4.4 Unarmed Combat


You had 3 spell levels left.
You didn't know any spells.

Dungeon Overview and Level Annotations

Branches:
Dungeon (2/15)

Altars:

Annotations:
D:2 Natasha


Innate Abilities, Weirdness & Mutations

You are resistant to damage.
You can heal yourself by infusing magical energy.
You passively map a small area around you.
You do not regenerate.


Message History

Natasha, Servant of Life and Death comes into view.
Natasha moves out of view.
Natasha is too close now for your liking.
Natasha hisses angrily.
Natasha closely misses you.
You barely miss Natasha.
Natasha mumbles some strange words.
You miss Natasha. Natasha misses you.
You hit Natasha but do no damage. The white imp gestures at you.
The puff of frost hits you! Natasha completely misses you.
The white imp gestures at you. The puff of frost hits you! Natasha claws you.
* * * LOW HITPOINT WARNING * * *
Natasha stares at you and mumbles some strange words.
The magic dart hits you!
* * * LOW HITPOINT WARNING * * *
Okay, then.
You fail to use your ability.
Natasha claws you.
You die...

#######...## #.#####.....# ##
*##...#####(#.....###†# #. ,
* ###..)......##### #.# #. *
*, ##...#.....# #.# #. **
...........#.#######.#####. #
,,
..........).................
#
....>###.###.#......##.##....
# ,.>...*
#..##.5..#.......#.##. #*
##### #....@h#####.......###
# ....#.##.##.........## #
##.... .....######.## * #.##
#..<##* #.# ,, ***# * ##...,
#.# *, , #.##.######.# # *
#.# ......#.#** # ,
####.####...,... #, *
#.........####.### *


You could see Natasha and a white imp.

Vanquished Creatures
  Natasha (D:2)
  An adder (D:1)
  2 dart slugs (D:2)
  2 leopard geckos (D:1)
  A giant cockroach (D:2)
  7 goblins
  4 hobgoblins
  2 jackals (D:1)
  8 bats
  5 frilled lizards
  4 kobolds
  6 rats
43 creatures vanquished.

Notes
Turn   | Place    | Note
-------+----------+-------------------------------------------
     0 | D:1      | Irenicus the Deep Dwarf Monk began the quest for the Orb.
     0 | D:1      | Reached XP level 1. HP: 20/20 MP: 1/1
    57 | D:1      | Reached skill level 3 in Unarmed Combat
   149 | D:1      | Reached XP level 2. HP: 21/27 MP: 2/2
   619 | D:1      | Reached XP level 3. HP: 17/33 MP: 3/3
   720 | D:2      | Reached skill level 4 in Unarmed Combat
   755 | D:2      | Noticed Natasha
   768 | D:2      | Killed Natasha
   768 | D:2      | Reached XP level 4. HP: 28/40 MP: 4/4
   901 | D:2      | Noticed Natasha
   917 | D:2      | Slain by Natasha

Skill      XL: |  1  2  3 |
---------------+----------+-----
Unarmed Combat | 3 4 |  4.4
Fighting       | |  2.6
Dodging        | |  3.2
Stealth        | |  2.8

Action                   |  1- 3 |  4- 6 || total
-------------------------+-------+-------++-------
Melee: Unarmed           |   138 |    23 ||   161
       Punch             |     1 |       ||     1
 Abil: Heal Wounds       |     2 |       ||     2
  Use: Potion            |     1 |       ||     1
 Stab: Sleeping          |       |     1 ||     1
Armor: Robe              |    16 |       ||    16
       Leather armour    |    11 |     3 ||    14
Dodge: Dodged            |    98 |    12 ||   110
